 Dungeon Crawl Stone Soup version 0.32-a0-39-g5c88369fb2 (webtiles) character file.

Game seed: 16590721674790920221

186 TimeIsEndless the Trooper (level 5, -1/54 HPs)
             Began as an Oni Warper on Jan 30, 2024.
             Hit by a stone thrown by a gnoll (2 damage)
             ... on level 3 of the Dungeon.
             The game lasted 00:03:38 (2624 turns).

TimeIsEndless the Trooper (Oni Warper)              Turns: 2624, Time: 00:03:39

Health: -1/54      AC:  3    Str: 17    XL:     5   Next: 66%
Magic:  10/10      EV: 10    Int: 14    God:
Gold:   120        SH:  0    Dex:  8    Spells: 10/10 levels left

rFire   . . .        a - +0 mace
rCold   . . .        (no shield)
rNeg    . . .        b - +0 robe
rPois   .            (helmet restricted)
rElec   .            (no cloak)
rCorr   .            (gloves unavailable)
SInv    +            (boots unavailable)
Will    .....        (no amulet)
Stlth   +            (no ring)
HPRegen 0.29/turn    (no ring)
MPRegen 0.12/turn

%: no passive effects
@: no status effects
A: large, unfitting armour, horns 1, tough skin 1, double potion healing,
drunken brawling
a: no special abilities


You were on level 3 of the Dungeon.
You visited 1 branch of the dungeon, and saw 3 of its levels.

You collected 120 gold pieces.

Inventory:

Hand Weapons
 a - a +0 mace (weapon)
Missiles
 d - 4 darts of dispersal (quivered)
 o - 3 poisoned darts
Armour
 b - a +0 robe (worn)
Wands
 n - a wand of charming (7)
Scrolls
 i - a scroll of amnesia
 m - a scroll of identify {unknown}
 p - a scroll of silence {unknown}
Potions
 k - a potion of heal wounds {unknown}
 l - a potion of curing {unknown}


   Skills:
 + Level 4.0 Fighting
 + Level 3.0 Maces & Flails
 - Level 1.2 Throwing
 + Level 3.0 Dodging
 + Level 3.4 Spellcasting
 + Level 3.4 Translocations


You had 10 spell levels left.
You didn't know any spells.
Your spell library contained the following spells:

 Spells                   Type           Power      Damage    Failure   Level
 Blink                    Tloc           24%        N/A       8%          2
 Lesser Beckoning         Tloc           24%        N/A       8%          2
 Teleport Other           Tloc           12%        N/A       16%         3
 Manifold Assault         Tloc           12%        N/A       45%         4
 Vhi's Electric Charge    Tloc/Air       14%        N/A       69%         4


Dungeon Overview and Level Annotations

Branches:
Dungeon (3/15)

Altars:


Innate Abilities, Weirdness & Mutations

You are too large for most types of armour.
You have a pair of small horns on your head.
You have tough skin. (AC +1)
You gain doubled healing and magic from potions.
Whenever you drink a healing potion, you attack all around you.


Message History

The gnoll blinks!
A gnoll is nearby!
A gnoll is nearby!
Throw: 5 darts (disperse)
Press: ? - help, Q - select action, (/) - cycle Shift-Dir - straight line, f/p - gnoll
Aim: a gnoll, wielding a +0 whip (56% to hit)
You throw a dart of dispersal. The dart of dispersal hits the gnoll.
The gnoll blinks!
A gnoll is nearby!
A gnoll is nearby!
A gnoll comes into view. It is wielding a +0 club.
You barely miss the gnoll.
The gnoll shouts!
The gnoll barely misses you.
You barely miss the gnoll. You headbutt the gnoll!
The gnoll is severely wounded.
The gnoll barely misses you.
The gnoll hits you from afar with a +1 vampiric spear.
The gnoll misses you. The gnoll hits you with a +0 whip.
The gnoll hits you from afar with a +1 vampiric spear.
As you read the scroll labelled VIXKO XARAMPY, it crumbles to dust.
Your body is wracked with pain!
The gnoll convulses! x3
It was a scroll of torment.
The gnoll hits you with a +0 whip!
* * * LOW HITPOINT WARNING * * *
The gnoll hits you with a +0 club.
* * * LOW HITPOINT WARNING * * *
The gnoll hits you from afar with a +1 vampiric spear.
* * * LOW HITPOINT WARNING * * *
As you read the scroll labelled ECHIRPH GEBAE, it crumbles to dust.
It is a scroll of amnesia.
You feel forgetful for a moment. The gnoll closely misses you.
The gnoll hits you with a +0 club.
* * * LOW HITPOINT WARNING * * *
The gnoll throws a stone.
The stone hits you.
* * * LOW HITPOINT WARNING * * *
As you read the scroll labelled ADOVICKOAR, it crumbles to dust.
You feel aware of your surroundings.
It was a scroll of revelation.
The gnoll barely misses you. The gnoll closely misses you.
The gnoll throws a stone.
The stone hits you.
You die...

............##.#.#.#.#.#,*,*,*,*,
......##.$..###.#.#.#.#.*,*,*,*,*
,...........##.#.#.#.#.#,*,*.#,#,
,........(..###.#.#)#.#.*,*.#.#.#
**##........#....#.#)#.#,*,#.#.#.
**#........#....)#.#.#.,,,,#.#.#
#..........#...g#.#.#.),,,,,#...
#....##....#..g†######..,,,*#...
#...<*######..g@######...,,*#...
#...,* ####....######...,,*#...
#..,,* ###############*****#...
#..,,* ############### ##.#
*,,,,* ############### #.# *,,,,*
############### #.# *,,,,*
############### #.. ******
############### ###


You could see 3 gnolls.

Vanquished Creatures
  A hound (D:3)
  An iguana (D:3)
  4 gnolls (D:3)
  3 adders
  A ribbon worm (D:2)
  A dart slug (D:1)
  3 orcs (D:3)
  3 bats (D:1)
  7 endoplasms
  2 giant cockroaches (D:1)
  4 goblins
  A hobgoblin (D:1)
  4 jackals (D:3)
  9 kobolds
  2 quokkas
  5 ball pythons
  5 frilled lizards
  A rat (D:3)
57 creatures vanquished.

Notes
Turn   | Place    | Note
-------+----------+-------------------------------------------
     0 | D:1      | TimeIsEndless the Oni Warper began the quest for the Orb.
     0 | D:1      | Reached XP level 1. HP: 22/22 MP: 3/3
    58 | D:1      | Reached XP level 2. HP: 28/29 MP: 5/5
   194 | D:1      | Reached skill level 3 in Fighting
   287 | D:1      | Reached XP level 3. HP: 17/37 MP: 7/7
  1274 | D:2      | Reached XP level 4. HP: 40/45 MP: 8/8
  2229 | D:3      | Reached XP level 5. HP: 33/54 MP: 9/9
  2385 | D:3      | HP: 4/81 [gnoll/+0 spear (4)]
  2387 | D:3      | Reached skill level 4 in Fighting
  2623 | D:3      | HP: 1/54 [gnoll/stone (2)]
  2624 | D:3      | Hit by a stone thrown by a gnoll

Illustrated notes

Levels and vault maps discovered:
D:1:      ebering_trefoil_3fold, layout_loops_ring
D:2:      layout_loops_ring, roderic_lattice_a
D:3:      layout_basic

Skill      XL: |  1  2  3  4  5 |
---------------+----------------+-----
Fighting       | 3 4 |  4.0
Translocations | 3 |  3.4
Spellcasting   | 3 |  3.4
Dodging        | 3 |  3.0
Maces & Flails | 3 |  3.0
Throwing       | |  1.2

Action                     |  1- 3 |  4- 6 || total
---------------------------+-------+-------++-------
  Melee: Mace              |    95 |    80 ||   175
         Headbutt          |     9 |    19 ||    28
         Punch             |       |     3 ||     3
  Throw: Dart              |       |     3 ||     3
    Use: Scroll            |       |     5 ||     5
         Potion            |       |     2 ||     2
 Armour: Robe              |    72 |    66 ||   138
  Dodge: Dodged            |    51 |    57 ||   108

Table legend: (Time is in decaauts)
 A = Elapsed time spent in this place.
 B = Non-inter-level travel time spent in this place.
 C = Inter-level travel time spent in this place.
 D = Time resting spent in this place.
 E = Time spent auto-exploring this place.
 F = Levels seen in this place.
 G = Mean time per level.
                   A        B        C        D        E       F      G
               +--------+--------+--------+--------+--------+-----+--------+
         Total |   2682 |   2639 |     43 |      0 |   2179 |   3 |  894.0 |
       Dungeon |   2682 |   2639 |     43 |      0 |   2179 |   3 |  894.0 |
               +--------+--------+--------+--------+--------+-----+--------+

Top non-repeatable levels by time:
     D:2: 993 daAuts
     D:3: 858 daAuts
     D:1: 830 daAuts
